AoeStats
← 特級過呪怨靈

Arena

507648338Analyzed
4v4 RM · 14d ago on Sep 19, 2026· 81m 47s· 8 players
Game mode
Random Map
Map size
Large (8 player)
Population
200
Speed
Normal
Resources
Standard
Victory
Conquest
Starting age
Dark Age
Ending age
Imperial Age
RankedLock teamsTeams togetherTeam positionsShared explorationLock speedFull tech treeHidden civsTurbo modeCheats
Victory
Defeat
🇨🇳 Chinese · China
1051
+15
🇹🇼 Britons · Taiwan
1030
+16
🇹🇼 Poles · Taiwan
1029
+16
🇹🇼 Romans · Taiwan
1019
+16
🇺🇸 Teutons · United States
1068
-18
🇦🇷 Italians · Argentina
1036
-16
🇦🇷 Mongols · Argentina
1023
-16
🇦🇷 Goths · Argentina
959
-13
疯穿箱子
0:37 Loom
12:22 Feudal Age
16:19 Castle Age
15:48 Horse Collar
15:56 Double-Bit Axe
25:57 Scale Mail Armor
26:03 Scale Barding Armor
26:08 Forging
26:31 Szlachta Privileges
26:43 Husbandry
27:49 Wheelbarrow
27:46 Bloodlines
31:07 Imperial Age
29:19 Hand Cart
31:03 Chain Barding Armor
31:19 Iron Casting
32:10 Conscription
31:16 Cavalier
31:54 Gold Mining
36:20 Blast Furnace
37:52 Stone Mining
40:28 Light Cavalry
42:18 Lechitic Legacy
44:15 Chemistry
43:36 Ballistics
43:21 Siege Engineers
45:32 Winged Hussar
50:24 Caravan
60:18 Heavy Plow
63:26 Crop Rotation
63:38 Masonry
63:40 Fortified Wall
68:06 Elite Skirmisher
69:01 Thumb Ring
69:58 Fletching
70:08 Padded Archer Armor
71:03 Bodkin Arrow
75:19 Bracer
特級過呪怨靈
11:31 Feudal Age
15:43 Castle Age
13:53 Loom
18:45 Double-Bit Axe
23:42 Horse Collar
24:52 Bow Saw
28:05 Guard Tower
28:25 Fortified Wall
29:12 Wheelbarrow
29:13 Ballistics
30:02 Heavy Plow
35:47 Imperial Age
33:34 Hand Cart
35:53 Heavy Scorpion
36:50 Ballistas
37:58 Chemistry
47:08 Gold Mining
54:01 Caravan
72:55 Forging
72:45 Scale Mail Armor
72:10 Pikeman
72:50 Squires
74:30 Iron Casting
74:10 Chain Mail Armor
73:19 Halberdier
75:03 Chain Mail Armor
78:48 Blast Furnace
80:03 Onager
80:07 Capped Ram
81:15 Siege Ram
自由人要乐奈
9:41 Feudal Age
13:53 Castle Age
12:11 Double-Bit Axe
12:48 Horse Collar
18:38 Loom
23:12 Fletching
25:24 Wheelbarrow
25:51 Bodkin Arrow
29:01 Heavy Plow
31:15 Yeomen
35:14 Imperial Age
33:40 Padded Archer Armor
35:44 Ballistics
35:42 Elite Skirmisher
37:55 Fortified Wall
38:35 Leather Archer Armor
38:52 Hand Cart
41:10 Imperial Age
40:35 Masonry
40:37 Gold Mining
41:31 Elite Longbowman
43:24 Bracer
45:18 Chemistry
46:10 Treadmill Crane
47:45 Ring Archer Armor
47:45 Caravan
51:52 Conscription
51:46 Stone Mining
52:31 Gold Shaft Mining
52:08 Crossbowman
53:27 Careening
53:39 Murder Holes
53:50 Siege Engineers
53:18 Arbalester
55:31 Gold Shaft Mining
55:42 Architecture
64:43 Bow Saw
79:00 Coinage
78:53 Guilds
80:42 Banking
82:39 Two-Man Saw
教头
0:34 Loom
10:23 Feudal Age
15:06 Castle Age
14:20 Double-Bit Axe
14:16 Horse Collar
16:46 Bow Saw
21:27 Fletching
21:37 Padded Archer Armor
24:01 Padded Archer Armor
25:38 Wheelbarrow
25:35 Bodkin Arrow
25:55 Leather Archer Armor
25:35 Bodkin Arrow
25:55 Leather Archer Armor
25:36 Bodkin Arrow
25:56 Leather Archer Armor
26:22 Heavy Plow
28:22 Hand Cart
29:29 Ballistics
31:45 Imperial Age
30:32 Forging
30:23 Scale Mail Armor
30:55 Arson
31:11 Squires
31:10 Crossbowman
32:29 Bracer
32:59 Ring Archer Armor
32:29 Bracer
32:59 Ring Archer Armor
32:29 Bracer
32:00 Heavy Cavalry Archer
32:56 Town Watch
33:14 Great Wall
33:21 Gold Mining
33:22 Stone Mining
33:22 Gold Mining
33:22 Stone Mining
34:47 Iron Casting
34:27 Chain Mail Armor
34:47 Iron Casting
34:27 Chain Mail Armor
34:48 Iron Casting
34:28 Chain Mail Armor
34:48 Iron Casting
36:37 Chemistry
35:47 Elite Skirmisher
39:17 Blast Furnace
38:48 Plate Mail Armor
39:18 Blast Furnace
38:48 Plate Mail Armor
39:18 Blast Furnace
38:48 Plate Mail Armor
39:18 Blast Furnace
38:48 Plate Mail Armor
38:07 Elite Fire Lancer
39:59 Conscription
39:17 Capped Ram
44:51 Fortified Wall
44:51 Masonry
44:51 Fortified Wall
44:52 Masonry
48:24 Husbandry
48:35 Bloodlines
47:46 Light Cavalry
56:27 Thumb Ring
55:42 Arbalester
57:27 Scale Barding Armor
59:30 Chain Barding Armor
62:18 Cavalier
66:25 Siege Ram
75:30 Man-at-Arms
77:18 Caravan
77:00 Man-at-Arms
Mortadela
10:29 Feudal Age
16:58 Castle Age
15:51 Loom
16:14 Double-Bit Axe
19:32 Bow Saw
20:43 Gold Mining
22:48 Wheelbarrow
22:00 Horse Collar
22:17 Fletching
26:44 Ballistics
26:21 Bodkin Arrow
27:13 Padded Archer Armor
29:29 Leather Archer Armor
33:28 Imperial Age
31:08 Husbandry
31:57 Gold Shaft Mining
32:13 Hand Cart
32:20 Town Watch
33:32 Elite Mangudai
34:33 Conscription
35:21 Chemistry
34:29 Bracer
36:21 Parthian Tactics
42:20 Elite Skirmisher
43:06 Thumb Ring
45:18 Drill
45:36 Onager
46:58 Siege Engineers
47:04 Siege Onager
59:44 Heavy Plow
64:56 Light Cavalry
70:04 Hussar
73:31 Forging
73:27 Scale Barding Armor
73:45 Bloodlines
74:59 Iron Casting
75:53 Chain Barding Armor
77:43 Blast Furnace
Napoleon
8:40 Loom
11:02 Feudal Age
16:55 Castle Age
15:12 Double-Bit Axe
15:57 Horse Collar
18:29 Squires
21:32 Wheelbarrow
21:33 Heavy Plow
25:02 Hand Cart
25:40 Bloodlines
26:00 Gold Mining
27:20 Bow Saw
27:19 Stone Mining
32:58 Imperial Age
30:16 Town Watch
31:05 Scale Barding Armor
31:14 Forging
32:14 Chain Barding Armor
31:47 Fletching
34:07 Conscription
33:20 Cavalier
35:05 Plate Barding Armor
35:06 Iron Casting
35:29 Crop Rotation
35:33 Paladin
37:15 Blast Furnace
39:05 Two-Man Saw
38:17 Scale Mail Armor
40:32 Hoardings
40:35 Bodkin Arrow
40:42 Padded Archer Armor
44:08 Leather Archer Armor
44:31 Ballistics
45:12 Chemistry
44:23 Masonry
44:18 Siege Engineers
44:30 Fortified Wall
46:26 Elite Skirmisher
46:28 Crossbowman
47:41 Ring Archer Armor
47:28 Chain Mail Armor
49:15 Caravan
54:31 Plate Mail Armor
55:33 Crenellations
63:07 Elite Teutonic Knight
63:36 Gambesons
63:11 Pikeman
63:38 Arson
63:16 Man-at-Arms
64:53 Crenellations
64:58 Ironclad
64:52 Town Patrol
66:24 Stone Shaft Mining
Pablo
11:28 Feudal Age
15:32 Castle Age
20:34 Double-Bit Axe
25:19 Imperial Age
23:32 Bow Saw
23:53 Ballistics
23:53 Gold Mining
27:04 Chemistry
26:37 Fletching
28:12 Padded Archer Armor
32:40 Bodkin Arrow
33:21 Leather Archer Armor
33:47 Conscription
34:31 Bracer
39:12 Ring Archer Armor
40:52 Elite Genoese Crossbowman
43:11 Wheelbarrow
62:10 Hand Cart
Pem
11:20 Feudal Age
17:06 Castle Age
15:39 Horse Collar
15:45 Double-Bit Axe
16:45 Stone Mining
16:45 Gold Mining
29:17 Anarchy
30:43 Scale Mail Armor
35:54 Imperial Age
36:00 Imperial Age
33:50 Squires
35:23 Chain Mail Armor
35:18 Forging
35:16 Pikeman
35:48 Loom
37:27 Conscription
38:05 Iron Casting
37:40 Heavy Plow
37:51 Bow Saw
39:11 Wheelbarrow
40:08 Elite Huskarl
41:46 Hand Cart
42:05 Crop Rotation
41:39 Halberdier
44:01 Blast Furnace
44:24 Perfusion
52:59 Two-Man Saw
Connection lost

Rejoining the realm…

Still unreachable

The connection could not be restored.

Session expired

The server has moved on; the page needs a fresh start.